cohdb
Replays
Latest Replays
All Replays
Popular Replays
Top Player Replays
Match Explorer
How It Works
Community
CoH3 Stats
Reddit
Sign in to upload your games and track your stats! →
Sign in with Steam
Match 45286736
Unlisted
Match 45286736
Overview
Messages
Build Orders
End
Royal Engineer Section
Construct Section Command Post
Selects Air and Sea Battlegroup
Dingo Light Scout Car
Infantry Section
Infantry Section
Construct Platoon Command Post
Selects Supply Surplus
Humber Armored Car
Selects Commando Section Paradrop
Commando Section Paradrop
Infantry Training
Humber Armored Car
Selects Commando Support Section Paradrop
Commando Support Section Paradrop
Construct Company Command Post
Matilda II Heavy Tank
6-pounder Anti-tank Gun Team
Selects Anti-tank Rocket Loiter
Commando Section Paradrop
Matilda II Heavy Tank
Septimum
Seocheon
꿀뜨개Honeydipper
Ghost
0
0
Comments
sign in to comment!
No comments posted yet!